 Dungeon Crawl Stone Soup version 0.17-a0-1741-gd5e8965 (webtiles) character file.

619 KambridgeKobold the Covert (level 7, -6/32 HPs)
             Began as a Spriggan Enchanter on Aug 31, 2015.
             Was a Follower of Sif Muna.
             Mangled by an orc warrior
             ... wielding a +2 halberd of freezing
              (13 damage)
             ... on level 6 of the Dungeon.
             The game lasted 00:15:45 (4995 turns).

KambridgeKobold the Covert (Spriggan Enchanter)     Turns: 4995, Time: 00:15:46

Health: -6/32      AC:  5    Str:  6    XL:     7   Next: 21%
Magic:  1/15       EV: 18    Int: 16    God:    Sif Muna [*.....]
Gold:   170        SH:  0    Dex: 17    Spells: 5 memorised, 3 levels left

rFire  . . .     SeeInvis +     a - +1 dagger
rCold  . . .     Clarity  .     C - +2 robe {MR+}
rNeg   + . .     SustAt   .     (shield restricted)
rPois  .         Gourm    .     (helmet restricted)
rElec  .         Spirit   .     s - +0 cloak
rCorr  .         Warding  .     (gloves unavailable)
rMut   .         Stasis   .     (boots unavailable)
MR     ++...                    (no amulet)
Stlth  ++++......               B - ring of invisibility
                                n - ring of positive energy

@: very quick, very resistant to hostile enchantments, stealthy
A: unfitting armour, see invisible, herbivore 3, speed 3, slow metabolism 2
a: Channel Energy, Renounce Religion, Evoke Invisibility


You were on level 6 of the Dungeon.
You worshipped Sif Muna.
Sif Muna was aware of your devotion.
You were not hungry.

You visited 1 branch of the dungeon, and saw 5 of its levels.

You collected 170 gold pieces.

Inventory:

Hand weapons
 a - a +1 dagger (weapon)
Armour
 b - a +1 robe
 s - a +0 cloak (worn)
 C - a +2 robe of magic resistance (worn)
Jewellery
 f - an uncursed ring of teleportation
 g - an uncursed amulet of stasis
 n - a ring of positive energy (left hand)
 B - a ring of invisibility (right hand)
Scrolls
 e - 2 scrolls of teleportation {unknown}
 h - 2 scrolls of blinking {unknown}
 m - 2 scrolls of enchant armour {unknown}
 o - 3 scrolls of remove curse
 r - 2 scrolls of recharging {unknown}
 v - 2 scrolls of fog {unknown}
 x - 2 scrolls of identify
 y - a scroll of noise {unknown}
 A - a scroll of enchant weapon {unknown}
Potions
 i - 3 potions of heal wounds
 j - 2 potions of invisibility
 k - a potion of curing
 l - a potion of ambrosia {unknown}
 p - a potion of agility {unknown}
 q - a potion of resistance {unknown}
 u - a potion of haste {unknown}
 w - a potion of cancellation {unknown}
 z - a potion of beneficial mutation {unknown}
 D - a potion of magic {unknown}
Books
 c - a book of Maledictions

   Spells                             Type                      Level
   a - Corona                         Hexes                        1
   b - Ensorcelled Hibernation        Hexes/Ice                    2
   c - Confuse                        Hexes                        3
   d - Tukima's Dance                 Hexes                        3
   e - Dazzling Spray                 Conjuration/Hexes            3
 t - a book of the Earth

   Spells                             Type                      Level
   a - Leda's Liquefaction            Hexes/Earth                  4
   b - Bolt of Magma                  Conjuration/Fire/Earth       5
   c - Statue Form                    Transmutation/Earth          6
   d - Iron Shot                      Conjuration/Earth            6
   e - Shatter                        Earth                        9
Comestibles
 d - a bread ration


   Skills:
 - Level 3.3 Short Blades
 - Level 3.2 Dodging
 - Level 8.0 Stealth
 + Level 4.7 Spellcasting
 + Level 6.2 Hexes
 + Level 2.2 Evocations


You had 3 spell levels left.
You knew the following spells:

 Your Spells              Type           Power        Failure   Level  Hunger
a - Corona                Hex            ###....      1%          1    None
b - Ensorcelled Hibernat  Hex/Ice        ##....       10%         2    ##.....
c - Confuse               Hex            ###.....     4%          3    ###....
d - Tukima's Dance        Hex            ###.....     4%          3    ###....
e - Dazzling Spray        Conj/Hex       ##......     14%         3    ###....


Dungeon Overview and Level Annotations

Branches:
Dungeon (6/15)
 Temple: D:4-7

Altars:
Cheibriados
Gozag
Okawaru
Sif Muna

Shops:
D:2 *

Annotations:
D:3 KambridgeKobold's ghost, average SpEn


Innate Abilities, Weirdness & Mutations

You are tiny and cannot use many weapons and most armour.
You have supernaturally acute eyesight.
You are a herbivore.
You cover ground extremely quickly.
You need consume almost no food.


Message History

The orc warrior shouts!
The orc warrior resists with some effort.
Casting: Ensorcelled Hibernation
Confirm with . or Enter, or press ? or * to list all spells.
Aiming: Ensorcelled Hibernation
Press: ? - help, Shift-Dir - straight line, f/p - orc warrior
Aim: an orc warrior, wielding a halberd of freezing and wearing a chain mail (chance to defeat MR: 44%)
The orc warrior resists with some effort.
Casting: Ensorcelled Hibernation
Confirm with . or Enter, or press ? or * to list all spells.
You don't have enough magic to cast that spell.
Casting: Ensorcelled Hibernation
Confirm with . or Enter, or press ? or * to list all spells.
Aiming: Corona
Press: ? - help, Shift-Dir - straight line, f/p - orc warrior
Aim: an orc warrior, wielding a halberd of freezing and wearing a chain mail (chance to defeat MR: 62%)
The orc warrior is outlined in light.
You hit the orc warrior but do no damage.
The orc warrior hits you with a halberd of freezing!
You die...

.......# #.....####### #......#
#.(...# #......# #.....#
#......###### #########
#...........## #......#
###########..# #.####.# # ##.#
#.# #.#######
############.######.####.......##
.'o............o@................
.###########..#####.......####.##
.# ##.# #.#####.# #.# #######
#.## ##.#####.# #.# ......# #..#
#......#.# #.# ......#
##.###......#.# #.# ....[.#
#..##......#.# #.# ......#
##o##......#.# #.# ....###
#..#......#.# #.#


You could see an orc warrior.

Vanquished Creatures
  Sigmund (D:2)
  An ogre (D:4)
  Blork the orc (D:6)
  A giant frog (D:6)
  A scorpion (D:6)
  A worker ant (D:6)
  An orc priest (D:4)
  A giant frog skeleton (D:6)
  An orc wizard (D:6)
  A worker ant zombie (D:6)
  2 adders (D:3)
  An adder skeleton (D:4)
  A worm (D:3)
  4 orcs
  5 bats
  3 giant cockroaches
  4 goblins
  9 hobgoblins
  6 jackals
  5 kobolds
  2 quokkas
  A ball python (D:3)
  3 giant newts
  7 rats
63 creatures vanquished.

Notes
Turn   | Place    | Note
--------------------------------------------------------------
     0 | D:1      | KambridgeKobold the Spriggan Enchanter began the quest for the Orb.
     0 | D:1      | Reached XP level 1. HP: 9/9 MP: 5/5
   528 | D:1      | Reached XP level 2. HP: 13/13 MP: 6/6
   628 | D:1      | Learned a level 2 spell: Ensorcelled Hibernation
   958 | D:1      | Reached skill level 5 in Stealth
  1455 | D:2      | Reached XP level 3. HP: 16/16 MP: 8/8
  1632 | D:2      | Learned a level 3 spell: Confuse
  1678 | D:2      | Found a deep blue altar of Sif Muna.
  1718 | D:2      | Became a worshipper of Sif Muna the Loreminder
  1846 | D:2      | Found an opulent altar of Gozag.
  1847 | D:2      | Found Gozag's Platinum Reserve.
  1905 | D:2      | Noticed Sigmund
  1915 | D:2      | Killed Sigmund
  1915 | D:2      | Reached skill level 6 in Stealth
  1915 | D:2      | Reached XP level 4. HP: 21/21 MP: 6/9
  1915 | D:2      | Reached XP level 5. HP: 24/24 MP: 6/10
  2331 | D:3      | Noticed KambridgeKobold's ghost (average SpEn)
  2535 | D:2      | Learned a level 3 spell: Tukima's Dance
  2701 | D:3      | Reached skill level 7 in Stealth
  3328 | D:3      | HP: 1/24 [hobgoblin/club (17)]
  3407 | D:3      | Reached skill level 5 in Hexes
  3825 | D:4      | Reached XP level 6. HP: 25/28 MP: 11/11
  3920 | D:4      | Noticed an ogre
  3931 | D:4      | Killed an ogre
  4008 | D:4      | Found an iron altar of Okawaru.
  4056 | D:4      | You fall through a shaft for 2 floors!
  4293 | D:6      | Noticed Blork the orc
  4304 | D:6      | Killed Blork the orc
  4304 | D:6      | Acquired Sif Muna's first power
  4382 | D:6      | Reached skill level 8 in Stealth
  4430 | D:6      | Learned a level 3 spell: Dazzling Spray
  4465 | D:6      | Reached skill level 1 in Evocations
  4503 | D:6      | Found a snail-covered altar of Cheibriados.
  4506 | D:6      | Reached XP level 7. HP: 24/32 MP: 14/14
  4901 | D:6      | HP: 1/32 [orc warrior/halberd of freezing (3)]
  4995 | D:6      | Mangled by an orc warrior

Vault maps used:
D:1:      lightli_arrival_noodles, minmay_strange_pillars
D:2:      nicolae_gozag_zags_fifth_avenue, old_standard_altar, uniq_sigmund
D:4:      okawaru_trees_1, first_bread, minmay_misc_feat_plants,
          kennysheep_another_room
D:6:      cheibriados_altar_wand_db, uniq_blork_the_orc

Action                   |  1- 3 |  4- 6 |  7- 9 || total
-------------------------+-------+-------+-------++-------
Melee: Dagger            |    99 |   150 |    24 ||   273
 Cast: Corona            |     3 |     4 |     1 ||     8
       Ensorcelled Hiber |     1 |    10 |    12 ||    23
       Confuse           |       |     3 |     2 ||     5
       Dazzling Spray    |       |       |     3 ||     3
Invok: Channel Energy    |       |       |     1 ||     1
 Abil: Evoke Teleportati |       |       |     1 ||     1
  Use: Scroll            |       |     5 |       ||     5
       Potion            |       |       |     1 ||     1
 Stab: Sleeping          |    14 |    10 |     4 ||    28
       Distracted        |       |     1 |       ||     1
       Confused          |       |     2 |       ||     2
  Eat: Bread ration      |       |     1 |       ||     1
